 Seeded DCSS version 0.29-a0-384-g6960b1960d (webtiles) character file.

Game seed: 13605594255664981076 (custom seed)

29343 thiscave3701365 the Executioner (level 13, 0/108 HPs)
             Began as a Minotaur Berserker on May 6, 2022.
             Was a Priest of Trog.
             Succumbed to Sonja's poison
             ... on level 12 of the Dungeon.
             The game lasted 00:15:18 (29381 turns).

thiscave3701365 the Executioner (MiBe)             Turns: 29381, Time: 00:15:19

Health: 0/108      AC: 14    Str: 30    XL:     13   Next: 14%
Magic:  12/12      EV: 10    Int:  4    God:    Trog [***...]
Gold:   869        SH:  0    Dex: 10    Spells: 12/12 levels left

rFire   + . .      SeeInvis .   E - +0 battleaxe
rCold   + . .      Faith    .   (shield currently unavailable)
rNeg    . . .      Spirit   .   z - +0 chain mail "Fuibbaimp" {Str+3}
rPois   +          Reflect  .   (helmet restricted)
rElec   +          Harm     .   b - +0 cloak
rCorr   +          Rampage  .   (no gloves)
Will    .....                   G - +0 pair of boots
Stlth   ..........              (no amulet)
HPRegen 0.28/turn               (no ring)
MPRegen 0.13/turn               (no ring)

@: lethally poisoned (0 -> -24), resistant, on berserk cooldown, slowed, very
slow
A: horns 2, retaliatory headbutt
a: Renounce Religion, Berserk, Trog's Hand


You were on level 12 of the Dungeon.
You worshipped Trog.
Trog was most pleased with you.
You visited 2 branches of the dungeon, and saw 16 of its levels.
You also visited: Ossuary.

You collected 869 gold pieces.

Inventory:

Hand Weapons
 E - a +0 battleaxe (weapon)
Missiles
 v - 2 throwing nets
Armour
 b - a +0 cloak (worn)
 z - the +0 chain mail "Fuibbaimp" (worn) {Str+3}
   (You found it on level 5 of the Dungeon)

   Str:       It affects your strength (+3).
 G - a +0 pair of boots (worn)
Jewellery
 r - a ring of protection from cold
 H - an amulet of reflection
 M - a ring of magical power
Wands
 u - a wand of charming (10)
 w - a wand of digging (13)
 y - a wand of polymorph (17)
 I - a wand of paralysis (5)
 J - a wand of iceblast (10)
Scrolls
 d - 2 scrolls of immolation {unknown}
 e - 13 scrolls of identify {unknown}
 g - 2 scrolls of blinking {unknown}
 h - 2 scrolls of fog {unknown}
 i - 3 scrolls of vulnerability {unknown}
 j - 5 scrolls of poison {unknown}
 o - 3 scrolls of noise {unknown}
 p - 2 scrolls of torment {unknown}
 q - 4 scrolls of teleportation {unknown}
 x - 3 scrolls of fear {unknown}
 D - a scroll of magic mapping {unknown}
 K - 3 scrolls of enchant weapon {unknown}
 L - a scroll of amnesia {unknown}
Potions
 a - a potion of resistance
 c - 5 potions of brilliance {unknown}
 f - 7 potions of haste {unknown}
 k - a potion of might {unknown}
 l - a potion of ambrosia {unknown}
 m - 3 potions of magic {unknown}
 n - 2 potions of flight {unknown}
 s - 6 potions of heal wounds {unknown}
 t - 3 potions of mutation {unknown}
 A - 4 potions of lignification {unknown}
 B - 9 potions of curing {unknown}
 C - 3 potions of degeneration {unknown}
 F - 3 potions of cancellation {unknown}
 N - a potion of attraction {unknown}


   Skills:
 - Level 8.6 Fighting
 + Level 22.9 Axes
 - Level 9.0 Armour
 - Level 3.9 Dodging
 - Level 1.3 Stealth
 - Level 1.8 Unarmed Combat


You had 12 spell levels left.
You didn't know any spells.
Your spell library was empty.

Dungeon Overview and Level Annotations

Branches:
Dungeon (12/15)            Temple (0/1) D:4            Lair (4/6) D:8
  Swamp (0/4) Lair:3      Ossuary (visited)
  Snake: Lair:2-4    Spider: Lair:2-4       Orc: D:9-12

Altars:
Ashenzari
Cheibriados
Gozag
Makhleb
Nemelex Xobeh
Okawaru
Uskayaw
Zin

Shops:
D:6 !

Annotations:
D:12 Sonja
Lair:3 3 runed translucent doors, Lenagic's ghost, journeyman VSBe


Innate Abilities, Weirdness & Mutations

You have a pair of horns on your head.
You reflexively headbutt those who attack you in melee.


Message History

You are more poisoned.
Sonja hits you but does no damage. The gargoyle barely misses you.
The howler monkey hits you but does no damage.
Sonja gestures wildly while chanting.
Sonja blinks!
You slice the howler monkey!!
You kill the howler monkey!
Trog accepts your kill.
You completely miss the gargoyle. You slash the howler monkey!
You feel extremely sick.
The howler monkey hits you but does no damage.
Sonja mumbles some strange words.
Sonja blinks!
The gargoyle closely misses you.
You hit the gargoyle.
The gargoyle is almost destroyed.
You hit the howler monkey.
You feel extremely sick. The howler monkey barely misses you.
The gargoyle hits you with a +0 flail!
The howler monkey hits you but does no damage.
Sonja mumbles some strange words.
Sonja blinks!
You are too injured to fight recklessly!
Unknown command.
You are too injured to fight recklessly!
You are too injured to fight recklessly!
Unknown command.
You are too injured to fight recklessly!
Unknown command.
You are too injured to fight recklessly!
You barely miss the gargoyle.
The gargoyle is almost destroyed.
You barely miss the howler monkey.
You feel extremely sick.
The gargoyle hurls a stone arrow at you.
The stone arrow hits you!!
* * * LOW HITPOINT WARNING * * *
The howler monkey hits you but does no damage.
It was a potion of resistance.
You feel protected.
You die...

..#. .#..(####
.........
........#
........#
........###
........9.#
......h@#.#
........#.#
......))#.# .#
......).#)####.#
#####...?......#
#.# #.##.......#
#.# #.##.......#
....#
#..........#
#...#
####.......#


You could see a gargoyle and a howler monkey.

Vanquished Creatures
  A boulder beetle (D:11)
  A hydra (D:11)
  A two-headed ogre (D:8)
  Nergalle (D:12)
  Amaemon (D:8)
  3 bog bodies (Lair:3)
  An ugly thing (D:9)
  A cyclops (D:6)
  2 manticores
  15 elephants
  An orange demon (D:8)
  8 cane toads
  An unseen horror (D:11)
  2 gargoyles
  2 komodo dragons
  3 trolls
  A polar bear (Lair:3)
  A hornet (D:6)
  5 blink frogs (Lair:1)
  2 shadows
  A vampire (D:11)
  29 yaks
  A wraith (D:9)
  Grum (D:8)
  A steam dragon (D:8)
  2 wyverns
  12 vampire mosquitoes
  8 water moccasins
  2 swamp worms (Lair:3)
  2 acid dragons
  3 ice beasts
  2 orc warriors
  A sky beast (D:7)
  2 black bears
  3 ogres
  3 centaurs
  2 wolves (D:8)
  3 phantoms
  2 elf zombies (Ossuary)
  2 necrophages (D:5)
  4 kobold brigands
  A gnoll sergeant (D:9)
  2 bullfrogs
  2 scorpions (D:6)
  5 wights (D:7)
  9 killer bees (D:9)
  4 howler monkeys
  An electric eel (Lair:3)
  A centaur zombie (Ossuary)
  A hound (D:5)
  A human zombie (Ossuary)
  3 orc priests
  A jelly (D:6)
  2 gnoll shamans
  An iguana (D:3)
  8 orc wizards
  3 mummies
  21 gnolls
  9 adders
  A shadow imp (D:7)
  2 white imps (D:7)
  2 ufetubi
  An adder zombie (Ossuary)
  A worm (D:5)
  46 orcs
  4 endoplasms
  3 giant cockroaches
  8 goblins
  4 hobgoblins
  3 jackals (D:1)
  A quokka (D:4)
  10 ball pythons
  A bat (D:3)
  3 frilled lizards
  A goblin zombie (Ossuary)
  12 hobgoblin zombies
  17 kobolds
  10 kobold zombies
  6 orc zombies (Ossuary)
  7 rats
  4 rat zombies (Ossuary)
361 creatures vanquished.

Vanquished Creatures (others)
  2 fungi
  12 plants
14 creatures vanquished.

Grand Total: 375 creatures vanquished

Notes
Turn   | Place    | Note
-------+----------+-------------------------------------------
     0 | D:1      | thiscave3701365 the Minotaur Berserker began the quest for
                  | the Orb.
     0 | D:1      | Reached XP level 1. HP: 19/19 MP: 0/0
   123 | D:1      | Reached skill level 4 in Axes
   421 | D:1      | Found a faded altar of an unknown god.
   561 | D:1      | Reached XP level 2. HP: 27/27 MP: 1/1
  1231 | D:2      | Reached XP level 3. HP: 33/33 MP: 2/2
  1478 | D:2      | Reached XP level 4. HP: 40/41 MP: 3/3
  2138 | D:3      | Reached skill level 5 in Fighting
  2138 | D:3      | Reached skill level 5 in Axes
  2494 | D:3      | Found a burning altar of Makhleb.
  2494 | D:3      | Found a hide-covered altar of Uskayaw.
  3007 | D:3      | Reached XP level 5. HP: 48/48 MP: 4/4
  3926 | D:4      | Reached ** piety under Trog
  3932 | D:4      | Reached skill level 6 in Axes
  4339 | D:4      | Noticed an ogre
  4345 | D:4      | Killed an ogre
  4346 | D:4      | Reached skill level 7 in Axes
  4346 | D:4      | Reached XP level 6. HP: 16/56 MP: 5/5
  4848 | D:4      | Found an opulent altar of Gozag.
  4848 | D:4      | Found a sparkling altar of Nemelex Xobeh.
  4897 | D:4      | Found a staircase to the Ecumenical Temple.
  5235 | D:4      | Found a snail-covered altar of Cheibriados.
  6113 | D:4      | Found an iron altar of Okawaru.
  6160 | D:5      | Entered Level 5 of the Dungeon
  6226 | D:5      | Reached skill level 8 in Axes
  6440 | D:5      | Reached XP level 7. HP: 61/61 MP: 6/6
  6478 | D:5      | Reached skill level 9 in Axes
  7207 | D:5      | Reached skill level 10 in Axes
  7415 | D:5      | Found a broken altar of Ashenzari.
  7490 | D:5      | Reached XP level 8. HP: 68/68 MP: 7/7
  7491 | D:5      | Reached skill level 11 in Axes
  8741 | D:5      | Identified the +0 chain mail "Fuibbaimp" {Str+3}
  8801 | D:6      | Noticed a hornet
  8807 | D:6      | Paralysed by a hornet for 2 turns
  8816 | D:6      | Killed a hornet
  8817 | D:6      | Reached skill level 12 in Axes
  9605 | D:6      | Noticed a cyclops
  9609 | D:6      | Reached skill level 13 in Axes
  9616 | D:6      | Killed a cyclops
  9617 | D:6      | Reached XP level 9. HP: 65/74 MP: 8/8
  9620 | D:6      | Reached skill level 14 in Axes
 10396 | D:6      | Found Yssic's Distillery.
 10795 | D:7      | Found a sand-covered staircase.
 10803 | Ossuary  | Entered an ossuary
 11326 | D:7      | Reached skill level 15 in Axes
 12136 | D:7      | Noticed a manticore
 12149 | D:7      | Killed a manticore
 12150 | D:7      | Reached skill level 5 in Armour
 12150 | D:7      | Reached skill level 1 in Stealth
 12150 | D:7      | Reached XP level 10. HP: 74/84 MP: 9/9
 13603 | D:8      | Noticed Grum
 13620 | D:8      | Killed Grum
 13994 | D:8      | Found a staircase to the Lair.
 14091 | D:8      | Noticed Amaemon
 14093 | D:8      | Noticed an orange demon
 14101 | D:8      | Killed Amaemon
 14105 | D:8      | Killed an orange demon
 14106 | D:8      | Reached skill level 1 in Unarmed Combat
 14669 | D:8      | Noticed a two-headed ogre
 14677 | D:8      | Killed a two-headed ogre
 14678 | D:8      | Reached skill level 16 in Axes
 15229 | D:9      | Noticed a purple ugly thing
 15242 | D:9      | Killed a purple ugly thing
 15256 | D:9      | Reached XP level 11. HP: 26/95 MP: 10/10
 15788 | D:9      | Reached *** piety under Trog
 17395 | D:10     | Entered Level 10 of the Dungeon
 18112 | D:10     | Reached skill level 17 in Axes
 18830 | D:10     | Found a glowing silver altar of Zin.
 19347 | D:11     | Noticed a boulder beetle
 19354 | D:11     | Killed a boulder beetle
 19355 | D:11     | Reached skill level 18 in Axes
 20332 | D:11     | Noticed a six-headed hydra
 20339 | D:11     | Killed a nine-headed hydra
 20340 | D:11     | Reached skill level 19 in Axes
 21846 | D:12     | Noticed Nergalle
 21850 | D:12     | Reached XP level 12. HP: 103/103 MP: 11/11
 21858 | D:12     | Killed Nergalle
 22244 | Lair:1   | Entered Level 1 of the Lair of Beasts
 22244 | Lair:1   | Found the +8 trident of the Octopus King {venom, rElec
                  | rPois}
 22801 | Lair:1   | Reached skill level 20 in Axes
 24454 | Lair:2   | Reached skill level 21 in Axes
 26781 | Lair:3   | Found a staircase to the Swamp.
 26802 | Lair:3   | Reached skill level 22 in Axes
 28212 | Lair:3   | Found a runed translucent gate.
 28213 | Lair:3   | Found a runed translucent gate.
 28213 | Lair:3   | Found a runed translucent gate.
 28213 | Lair:3   | Noticed a 13-headed hydra
 28214 | Lair:3   | Noticed Lenagic's ghost (journeyman VSBe)
 28215 | Lair:3   | Noticed a nine-headed hydra
 28245 | Lair:3   | Reached XP level 13. HP: 108/108 MP: 12/12
 29360 | D:12     | Noticed Sonja
 29381 | D:12     | Succumbed to Sonja's poison

Illustrated notes

Levels and vault maps discovered:
D:1:      wander_arrival_lonely_grave, layout_basic,
          ebering_ecumenical_altar_rust
D:2:      layout_basic, minmay_misc_feat_tower, grunt_decor_mini_mirrors
D:3:      layout_basic, mainiacjoe_overflow_divided_tiny
D:4:      layout_loops_ring, grunt_temple_overflow_opulence,
          general_overflow_altar, mainiacjoe_overflow_24_doors, temple_doors_ab
D:5:      layout_basic, mainiacjoe_overflow_paths
D:6:      layout_basic, serial_shops, nicolae_shop_behind_doors,
          minmay_increasing_density
D:7:      layout_basic, nicolae_ossuary_entry_giza, minmay_manual_mess
D:8:      layout_rooms, lair_entry_dummy, serial_co_window_serial,
          co_window_corner_a, co_window_corner_a, co_window_paths_a,
          co_window_paths_b, co_window_corner_a, co_window_of_opportunity_c,
          co_window_corner_b, co_window_corner_cb, co_window_of_opportunity_b,
          co_window_broadway_c, glass_columns_b, uniq_grum, uniq_amaemon
D:9:      layout_irregular_city
D:10:     layout_loops_ring, mainiacjoe_overflow_six_doors_small
D:11:     layout_stronghold, lightli_orcish_oven
D:12:     layout_loops_ring, erik_orc_1, chequers_serial_rivers_small_b,
          uniq_sonja, uniq_kirke, uniq_nergalle
Lair:1:   layout_roguey
Lair:2:   layout_cave_pods
Lair:3:   layout_regular_city, nicolae_swamp_entry_splash_gauntlet,
          gammafunk_ghost_hydra_chop
Lair:4:   layout_misc_corridors, spider_nest_entry_a, basic_altar,
          nicolae_quartered_pool_impasse

Skill      XL: |  1  2  3  4  5  6  7  8  9 10 11 12 |
---------------+-------------------------------------+-----
Axes           | 4 5 7 8 10 13 15 16 19 22 | 22.9
Fighting       | 4 5 6 8 |  8.6
Dodging        | 3 |  3.9
Armour         | 5 8 9 |  9.0
Stealth        | 1 |  1.3
Unarmed Combat | 1 |  1.8

Action                   |  1- 3 |  4- 6 |  7- 9 | 10-12 | 13-15 || total
-------------------------+-------+-------+-------+-------+-------++-------
Melee: Hand axe          |    50 |   131 |   256 |    26 |       ||   463
       Headbutt          |     7 |    18 |    36 |    76 |     4 ||   141
       Punch             |       |     3 |     3 |     2 |       ||     8
       Battleaxe         |       |       |       |   366 |    25 ||   391
       Unarmed           |       |       |       |    13 |       ||    13
Invok: Berserk           |     4 |    11 |    17 |    39 |     3 ||    74
  Use: Potion            |       |       |       |       |     1 ||     1
 Stab: Sleeping          |       |     1 |       |       |       ||     1
Armor: Animal skin       |     7 |     2 |       |       |       ||     9
       Chain mail        |       |    58 |    97 |   199 |    20 ||   374
Dodge: Dodged            |    35 |    55 |    94 |   194 |    13 ||   391

Table legend: (Time is in decaauts)
 A = Elapsed time spent in this place.
 B = Non-inter-level travel time spent in this place.
 C = Inter-level travel time spent in this place.
 D = Time resting spent in this place.
 E = Time spent auto-exploring this place.
 F = Levels seen in this place.
 G = Mean time per level.
                   A        B        C        D        E       F      G
               +--------+--------+--------+--------+--------+-----+--------+
         Total |  29922 |  29130 |    792 |  16483 |  10736 |  17 | 1760.1 |
       Dungeon |  22706 |  22081 |    625 |  12858 |   7820 |  12 | 1892.2 |
          Lair |   6752 |   6585 |    167 |   3339 |   2819 |   4 | 1688.0 |
       Ossuary |    463 |    463 |      0 |    285 |     97 |   1 |  463.0 |
               +--------+--------+--------+--------+--------+-----+--------+

Top non-repeatable levels by time:
  Lair:3: 4152 daAuts
     D:4: 2900 daAuts
    D:11: 2675 daAuts
     D:9: 2303 daAuts
     D:7: 2089 daAuts
     D:5: 2068 daAuts
     D:6: 1997 daAuts
     D:8: 1985 daAuts
    D:10: 1951 daAuts
     D:3: 1691 daAuts
  Lair:2: 1410 daAuts
  Lair:1: 1187 daAuts
     D:2: 1170 daAuts
     D:1: 1134 daAuts
    D:12: 738 daAuts
